 Dungeon Crawl Stone Soup version 0.30-a0-159-g068b764562 (webtiles) character file.

Game seed: 15989438110788714649

47 ryw the Trooper (level 3, 27/30 HPs)
             Began as a Demonspawn Monk on Sept 27, 2022.
             Quit the game on level 2 of the Dungeon.
             The game lasted 00:01:35 (1759 turns).

ryw the Trooper (Demonspawn Monk)                   Turns: 1759, Time: 00:01:36

Health: 27/30      AC:  7    Str: 13    XL:     3   Next: 48%
Magic:  3/3        EV:  9    Int: 11    God:
Gold:   92         SH:  0    Dex: 15    Spells: 2/2 levels left

rFire   . . .      SeeInvis .      - Unarmed
rCold   . . .      Faith    .    (no shield)
rNeg    . . .      Spirit   .    d - +0 scale mail
rPois   .          Reflect  .    (helmet restricted)
rElec   .          Harm     .    (no cloak)
rCorr   .          Rampage  .    (no gloves)
Will    .....                    (no boots)
Stlth   +.........               (no amulet)
HPRegen 0.10/turn                (no ring)
MPRegen 0.08/turn                (no ring)

@: no status effects
A: horns 1, rugged brown scales 1
a: no special abilities


You were on level 2 of the Dungeon.
You visited 1 branch of the dungeon, and saw 2 of its levels.

You collected 92 gold pieces.

Inventory:

Missiles
 c - 11 stones (quivered)
 j - 4 poisoned darts
Armour
 d - a +0 scale mail (worn)
Scrolls
 g - 2 scrolls of identify {unknown}
 h - a scroll of torment {unknown}
 i - a scroll of blinking {unknown}
Potions
 a - a potion of curing {unknown}
 b - a potion of ambrosia
 e - a potion of heal wounds {unknown}
 f - a potion of degeneration {unknown}


   Skills:
 + Level 4.3 Fighting
 + Level 1.0 Armour
 - Level 2.6 Dodging
 - Level 1.7 Stealth
 - Level 2.6 Unarmed Combat


You had 2 spell levels left.
You didn't know any spells.
Your spell library was empty.

Dungeon Overview and Level Annotations

Branches:
Dungeon (2/15)

Altars:

Shops:
D:1 *


Innate Abilities, Weirdness & Mutations

You have a pair of small horns on your head.
You are partially covered in rugged brown scales. (AC +1, +3% HP)


Message History

Found a stone staircase leading down.
You see here a worm corpse.
There is a stone staircase leading down here.
c - 11 stones (gained 8)
An adder comes into view.
The adder hisses angrily.
You hit the adder. Your headbutt misses the adder. You punch the adder.
The adder is heavily wounded.
The adder barely misses you.
You hit the adder. You headbutt the adder.
You kill the adder!
Your Armour skill increases to level 1!
No target in view!
No target in view!
A worm comes into view.
You hit the worm.
The worm is lightly wounded.
The worm closely misses you.
You hit the worm.
The worm is lightly wounded.
The worm bites you.
You hit the worm.
The worm is lightly wounded.
You hit the worm but do no damage. Your headbutt misses the worm.
The worm is lightly wounded.
The worm bites you.
You hit the worm but do no damage. You headbutt the worm. You punch the worm.
The worm is moderately wounded.
You completely miss the worm.
The worm is moderately wounded.
The worm barely misses you.
You hit the worm.
The worm is heavily wounded.
You hit the worm. You headbutt the worm.
The worm is almost dead.
The worm closely misses you.
You hit the worm.
You kill the worm!
No target in view!
Are you sure you want to abandon this character and quit the game? (Confirm with "yes".)

####.###.###.###.#
#.....##.#...###.##
#.....##....###...##
####.........#.....#...
#........##....###...##
#.###....##.#.## ##.##
#.........# #.#
#.###..##.#...#####.###
#.....@##..............
###.##.#####..#########
#. #.### #..# # # #....
#..# #
####.##..#########
#.##...........
##.###.##....###
#............# #
##..#####...## #


There were no monsters in sight!

Vanquished Creatures
  2 adders (D:2)
  2 worms (D:2)
  A dart slug (D:1)
  3 bats (D:1)
  2 endoplasms (D:1)
  A giant cockroach (D:1)
  2 hobgoblins (D:1)
  A quokka (D:1)
  4 ball pythons (D:1)
  A frilled lizard (D:1)
  2 goblins (D:1)
  A kobold (D:1)
  A rat (D:1)
23 creatures vanquished.

Notes
Turn   | Place    | Note
-------+----------+-------------------------------------------
     0 | D:1      | ryw the Demonspawn Monk began the quest for the Orb.
     0 | D:1      | Reached XP level 1. HP: 18/18 MP: 1/1
   241 | D:1      | Found Dopeirphi's Assorted Antiques.
   625 | D:1      | Gained mutation: You are partially covered in rugged brown
                  | scales. (AC +1, +3% HP) [demonic ancestry]
   625 | D:1      | Reached XP level 2. HP: 18/24 MP: 2/2
   776 | D:1      | Found a faded altar of an unknown god.
  1481 | D:2      | Reached skill level 4 in Fighting
  1481 | D:2      | Gained mutation: You have a pair of small horns on your
                  | head. [demonic ancestry]
  1481 | D:2      | Reached XP level 3. HP: 21/30 MP: 3/3
  1737 | D:2      | Reached skill level 1 in Armour
  1759 | D:2      | Quit the game

Illustrated notes

Levels and vault maps discovered:
D:1:      dpeg_arrival_lava_temple_mockup, layout_loops_corners,
          nicolae_ecumenical_lake_church, serial_shops, nicolae_diamond_shop
D:2:      layout_loops_ring

Skill      XL: |  1  2  3 |
---------------+----------+-----
Fighting       | 4 |  4.3
Armour         | 1 |  1.0
Dodging        | |  2.6
Stealth        | |  1.7
Unarmed Combat | |  2.6

Action                   || total
-------------------------++-------
Melee: Unarmed           ||   103
       Punch             ||     6
       Headbutt          ||     6
Throw: Stone             ||     1
Armor: Robe              ||     7
       Scale mail        ||    23
Dodge: Dodged            ||    57

Table legend: (Time is in decaauts)
 A = Elapsed time spent in this place.
 B = Non-inter-level travel time spent in this place.
 C = Inter-level travel time spent in this place.
 D = Time resting spent in this place.
 E = Time spent auto-exploring this place.
 F = Levels seen in this place.
 G = Mean time per level.
                   A        B        C        D        E       F      G
               +--------+--------+--------+--------+--------+-----+--------+
         Total |   1756 |   1744 |     12 |      2 |   1513 |   2 |  878.0 |
       Dungeon |   1756 |   1744 |     12 |      2 |   1513 |   2 |  878.0 |
               +--------+--------+--------+--------+--------+-----+--------+

Top non-repeatable levels by time:
     D:1: 1468 daAuts
     D:2: 287 daAuts
